 Dungeon Crawl Stone Soup version 0.23-a0-265-g9c2c487a97 (webtiles) character file.

19962 Rrauwl the Grappler (level 12, -4/101 HPs)
             Began as a Troll Transmuter on Sept 29, 2018.
             Was an Elder of Wu Jian.
             Slain by a six-headed hydra (6 damage)
             ... on level 3 of the Lair of Beasts.
             The game lasted 00:32:12 (10058 turns).

Rrauwl the Grappler (Troll Transmuter)             Turns: 10058, Time: 00:32:13

Health: -4/101     AC: 13    Str: 26    XL:     12   Next: 41%
Magic:  0/14       EV: 10    Int: 13    God:    Wu Jian [****..]
Gold:   858        SH:  0    Dex: 10    Spells: 7/15 levels left

rFire    + . .     SeeInvis .   a - +4 giant spiked club
rCold    . . .     Gourm    +   (shield currently unavailable)
rNeg     . . .     Faith    .   D - +0 troll leather armour
rPois    .         Spirit   +   (helmet restricted)
rElec    .         Reflect  .   f - +1 cloak
rCorr    .         Harm     .   (gloves unavailable)
MR       .....                  (boots unavailable)
Stlth    +.........             o - amulet of guardian spirit
HPRegen  1.06/turn              c - ring of protection from fire
MPRegen  0.14/turn              p - +4 ring of protection

@: mighty
A: large, unfitting armour, claws 3, fast metabolism 3, gourmand, mutation
resistance 2, regeneration 1, shaggy fur 1, tough skin 2
a: Wall Jump, Serpent's Lash, Renounce Religion


You were on level 3 of the Lair of Beasts.
You worshipped Wu Jian.
Wu Jian was greatly pleased with you.
You were very full.

You visited 3 branches of the dungeon, and saw 14 of its levels.
You also visited: Bailey.

You collected 908 gold pieces.
You spent 50 gold pieces at shops.

Inventory:

Hand Weapons
 a - a +4 giant spiked club (weapon)
Missiles
 h - 2 throwing nets
 q - 72 tomahawks of returning (quivered)
 s - 195 arrows
Armour
 f - a +1 cloak (worn)
 D - a +0 troll leather armour (worn)
Jewellery
 c - a ring of protection from fire (left claw)
 d - an uncursed ring of flight
 g - an uncursed ring of wizardry
 o - an amulet of guardian spirit (around neck)
 p - a +4 ring of protection (right claw)
 r - an uncursed ring of protection from fire
Wands
 l - a wand of acid (19)
 B - a wand of paralysis (16)
 G - a wand of clouds (5)
Scrolls
 b - a scroll of enchant armour
 i - 20 scrolls of identify
 j - 3 scrolls of teleportation
 v - 6 scrolls of remove curse
 y - a scroll of magic mapping
 H - 2 scrolls of fear
Potions
 m - 8 potions of curing
 E - a potion of berserk rage
Comestibles
 e - 27 rations


   Skills:
 - Level 2.0 Fighting
 - Level 2.1 Throwing
 - Level 2.0 Dodging
 + Level 14.6 Unarmed Combat
 - Level 2.0 Spellcasting
 - Level 11.0 Transmutations


You had 7 spell levels left.
You knew the following spells:

 Your Spells              Type           Power        Failure   Level  Hunger
a - Beastly Appendage     Tmut           ####..       1%          1    ##.....
b - Blade Hands           Tmut           ####......   9%          5    ######.
c - Sticks to Snakes      Tmut           ####....     1%          2    ###....

Your spell library contained the following spells:

 Spells                   Type           Power        Failure   Level  Hunger
 Spider Form              Tmut/Pois      ###.......   9%          3    ####...
 Flame Tongue             Conj/Fire      #....        28%         1    ##.....
 Ice Form                 Ice/Tmut       ###.....     30%         4    #####..
 Throw Flame              Conj/Fire      #.....       41%         2    ###....
 Conjure Flame            Conj/Fire      #.......     65%         3    ####...
 Inner Flame              Hex/Fire       #.......     65%         3    ####...
 Sticky Flame             Conj/Fire      #.......     96%         4    #####..
 Fireball                 Conj/Fire      #.........   100%        5    ######.


Dungeon Overview and Level Annotations

Branches:
Dungeon (10/15)            Temple (1/1) D:7            Lair (3/6) D:9
 Spider (0/4) Lair:2
  Swamp: Lair:2-4    Shoals: Lair:2-4       Orc: D:9-12

Altars:
Ashenzari
Cheibriados
Dithmenos
Elyvilon
Fedhas
Gozag
Hepliaklqana
Kikubaaqudgha
Makhleb
Nemelex Xobeh
Okawaru
Qazlal
Ru
Sif Muna
Trog
Uskayaw
Vehumet
Wu Jian
Xom
Yredelemnul
Zin
The Shining One

Shops:
D:4 !


Innate Abilities, Weirdness & Mutations

You are too large for most types of armour.
You have claws for hands.
Your metabolism is lightning-fast.
You like to eat raw meat.
Your natural rate of healing is unusually fast.
You are covered in fur. (AC +1)
You have very tough skin. (AC +2)
You are somewhat resistant to both further mutation and mutation removal.


Message History

The six-headed hydra closely misses you.
The six-headed hydra bites you but does no damage.
The six-headed hydra barely misses you. The six-headed hydra bites you. x3
The six-headed hydra bites you!
* * * LOW HITPOINT WARNING * * *
The six-headed hydra bites you!
* * * LOW HITPOINT WARNING * * *
You puncture the six-headed hydra!
The six-headed hydra is severely wounded.
The six-headed hydra bites you.
* * * LOW HITPOINT WARNING * * *
The six-headed hydra bites you!
* * * LOW HITPOINT WARNING * * *
The six-headed hydra barely misses you. The six-headed hydra bites you.
* * * LOW HITPOINT WARNING * * *
The six-headed hydra bites you but does no damage.
The six-headed hydra bites you!
* * * LOW HITPOINT WARNING * * *
The six-headed hydra barely misses you. The six-headed hydra bites you!
You die...

.........##..#
)...........#.##
..........#....#
.....[... ##..##
........# #..P#
..... #.#..# ...#
###..# #######D.#
#...# #...##@###
#.... ##....##.#
##.... #......###
#..###
##........## ##..#
# #..........#
###...#
##........##
#P..###
#.........# #...#
#.........# ##..##
##........####..##


You could see a six-headed hydra.

Vanquished Creatures
  Harold (D:8)
  A two-headed ogre (D:8)
  Pikel (D:6)
  The ghost of PikkenKukken the Cudgeler, a novice GrFi (D:6)
  An ugly thing (D:7)
  Joseph (D:10)
  3 spiny frogs (Lair:1)
  2 komodo dragons
  3 trolls
  A jumping spider (Lair:2)
  A polar bear (Lair:2)
  A hornet (D:10)
  5 blink frogs (Lair:3)
  3 hippogriffs
  25 yaks
  4 water moccasins
  7 porcupines
  3 phantoms
  An ice beast (D:9)
  7 orc warriors
  An eye of draining (D:6)
  4 slaves (D:6)
  2 black bears
  4 ogres
  4 centaurs
  A crocodile (Lair:2)
  2 big kobolds
  Blork the orc (D:6)
  11 bullfrogs
  4 scorpions
  A water moccasin skeleton (D:8)
  3 howler monkeys
  An electric eel (Lair:2)
  2 crimson imps
  7 hounds
  8 orc priests
  4 jellies
  5 orc wizards
  A bullfrog skeleton (D:7)
  Ijyb (D:3)
  Natasha (twice) (D:3)
  7 worker ants
  A killer bee zombie (D:7)
  2 hound skeletons
  A worker ant zombie (D:9)
  13 gnolls (Bailey)
  12 adders
  2 shadow imps
  2 oozes
  2 worms
  3 dart slugs
  3 leopard geckos
  28 orcs
  2 ball pythons
  5 giant cockroaches
  13 goblins
  19 hobgoblins
  6 jackals
  2 quokkas
  6 bats
  5 frilled lizards
  A jackal skeleton (D:4)
  21 kobolds
  A leopard gecko skeleton (D:4)
  3 quokka skeletons
  5 rats
306 creatures vanquished.

Vanquished Creatures (others)
  A fungus (Lair:2)
1 creature vanquished.

Grand Total: 307 creatures vanquished

Notes
Turn   | Place    | Note
-------+----------+-------------------------------------------
     0 | D:1      | Rrauwl the Troll Transmuter began the quest for the Orb.
     0 | D:1      | Reached XP level 1. HP: 18/18 MP: 1/1
   228 | D:1      | Reached skill level 1 in Fighting
   325 | D:1      | Reached XP level 2. HP: 23/27 MP: 3/3
   841 | D:2      | Reached XP level 3. HP: 32/33 MP: 4/4
  1392 | D:2      | Reached XP level 4. HP: 33/41 MP: 5/5
  1850 | D:3      | Reached skill level 4 in Unarmed Combat
  1865 | D:3      | Reached XP level 5. HP: 45/48 MP: 7/7
  1910 | D:3      | Noticed Ijyb
  1928 | D:3      | Killed Ijyb
  2166 | D:3      | Noticed Natasha
  2172 | D:3      | Killed Natasha
  2228 | D:3      | Noticed Natasha
  2237 | D:3      | Killed Natasha
  2314 | D:4      | Gained mutation: You are somewhat resistant to further
                  | mutation. [potion of mutation]
  2314 | D:4      | Gained mutation: You are somewhat resistant to both further
                  | mutation and mutation removal. [potion of mutation]
  2327 | D:4      | Found Ateqicw's Distillery.
  2338 | D:4      | Bought a potion of degeneration for 10 gold pieces
  2338 | D:4      | Bought a potion of might for 40 gold pieces
  2398 | D:4      | Reached XP level 6. HP: 24/55 MP: 8/8
  2786 | D:4      | Learned a level 5 spell: Blade Hands
  2873 | D:4      | Reached skill level 5 in Unarmed Combat
  2966 | D:4      | Found an ornate altar of the Wu Jian Council.
  3140 | D:4      | Became a worshipper of the Wu Jian Council
  3168 | D:5      | Entered Level 5 of the Dungeon
  3182 | D:5      | Found a hide-covered altar of Uskayaw.
  3190 | D:5      | Found a blossoming altar of Fedhas.
  3285 | D:5      | Reached XP level 7. HP: 62/62 MP: 9/9
  3343 | D:5      | Reached skill level 6 in Unarmed Combat
  3711 | D:6      | Noticed Blork the orc
  3722 | D:6      | Killed Blork the orc
  3742 | D:6      | Noticed Pikel
  3843 | D:6      | Killed Pikel
  3843 | D:6      | Reached skill level 7 in Unarmed Combat
  3843 | D:6      | Reached skill level 5 in Transmutations
  3843 | D:6      | Reached XP level 8. HP: 50/70 MP: 8/10
  3986 | D:6      | Found a runed gate.
  3996 | D:6      | Found a runed gate.
  3996 | D:6      | Found an opulent altar of Gozag.
  4018 | D:6      | Found a runed gate.
  4020 | D:6      | Noticed PikkenKukken's ghost (novice GrFi)
  4021 | D:6      | Noticed a brown ugly thing
  4204 | D:6      | Found a deep blue altar of Sif Muna.
  4204 | D:6      | Found a white marble altar of Elyvilon.
  4343 | D:6      | Killed PikkenKukken's ghost
  4343 | D:6      | Reached skill level 8 in Unarmed Combat
  4343 | D:6      | Reached XP level 9. HP: 49/76 MP: 6/11
  4622 | D:8      | Reached * piety under Wu Jian
  4622 | D:8      | Reached skill level 9 in Unarmed Combat
  4640 | D:8      | Found a shadowy altar of Dithmenos.
  4695 | D:8      | Noticed Harold
  4711 | D:8      | Killed Harold
  4981 | D:8      | Noticed a two-headed ogre
  5168 | D:7      | Found a flagged portal.
  5184 | Bailey   | Entered a bailey
  5243 | Bailey   | Reached skill level 10 in Unarmed Combat
  5319 | Bailey   | Reached ** piety under Wu Jian
  5371 | Bailey   | Reached skill level 10 in Transmutations
  5371 | Bailey   | Reached XP level 10. HP: 43/84 MP: 3/12
  5575 | D:7      | Learned a level 2 spell: Sticks to Snakes
  5610 | D:7      | Killed a brown ugly thing
  5792 | D:7      | Reached skill level 1 in Throwing
  5794 | D:7      | Found a staircase to the Ecumenical Temple.
  5823 | Temple   | Entered the Ecumenical Temple
  6068 | D:8      | Killed a two-headed ogre
  6068 | D:8      | Reached XP level 11. HP: 52/93 MP: 5/13
  6513 | D:9      | Found a staircase to the Lair.
  6534 | D:9      | Reached *** piety under Wu Jian
  6638 | D:9      | Found a bloodstained altar of Trog.
  6706 | D:9      | Reached skill level 11 in Unarmed Combat
  6935 | D:10     | Entered Level 10 of the Dungeon
  7102 | D:10     | Noticed Joseph
  7112 | D:10     | Killed Joseph
  7382 | D:10     | Reached **** piety under Wu Jian
  7609 | D:10     | Reached skill level 12 in Unarmed Combat
  7806 | Lair:1   | Entered Level 1 of the Lair of Beasts
  8079 | Lair:1   | Reached skill level 13 in Unarmed Combat
  8104 | Lair:1   | Reached XP level 12. HP: 38/101 MP: 1/14
  8647 | Lair:2   | Found a hole to the Spider Nest.
  8929 | Lair:2   | Reached skill level 14 in Unarmed Combat
 10050 | Lair:3   | Noticed a six-headed hydra
 10058 | Lair:3   | HP: 2/101 [six-headed hydra (6)]
 10058 | Lair:3   | Slain by a six-headed hydra

Vault maps used:
D:1:      dpeg_arrival_snail
D:3:      uniq_ijyb, uniq_natasha
D:4:      marbit_many_paths, serial_glass, glass_columns_b, glass_columns_b,
          glass_columns_a, glass_columns_a, item_on_display_a,
          minmay_strange_pillars, first_ration, serial_shops,
          nicolae_shop_temple_entry_statues_fountains
D:5:      fedhas_altar_1, eat_drink_and_be_merry_uskayaw
D:6:      gammafunk_temple_overflow_wave, ebering_ghost_gozag, uniq_pikel,
          uniq_blork_the_orc
D:7:      minmay_temple_entry_statues, enter_bailey_1, grunt_ogre_cave
D:8:      grunt_dithmenos_smoke_and_mirrors, uniq_harold
D:9:      lemuel_doored_altar, lair_entry_dummy
D:10:     hangedman_decor_riveting, uniq_joseph
Temple:   regret_index_temple_waves
Lair:1:   serial_bayou_shore_a, grunt_megastairs_4
Lair:2:   spider_nest_entry_rubble, minivault_11, st_stairs_4
Bailey:   bailey_axe_2, bailey

Skill      XL: |  1  2  3  4  5  6  7  8  9 10 11 12 |
---------------+-------------------------------------+-----
Fighting       | 1 2 |  2.0
Dodging        | 2 |  2.0
Transmutations | 2 3 5 6 10 11 | 11.0
Spellcasting   | 2 |  2.0
Unarmed Combat | 4 5 7 8 10 13 14 | 14.6
Throwing       | 1 2 |  2.1

Action                   |  1- 3 |  4- 6 |  7- 9 | 10-12 || total
-------------------------+-------+-------+-------+-------++-------
Melee: Unarmed           |    91 |   167 |   263 |   478 ||   999
       Punch             |     1 |     2 |     6 |    22 ||    31
       Giant spiked club |       |       |       |     4 ||     4
 Cast: Sticks to Snakes  |       |       |       |     3 ||     3
       Blade Hands       |       |       |       |    12 ||    12
Invok: Lunge             |       |       |    23 |    31 ||    54
       Whirlwind         |       |       |     2 |     2 ||     4
       Wall Jump         |       |       |       |     1 ||     1
Evoke: Wand              |       |       |     8 |       ||     8
  Use: Scroll            |     1 |    11 |     2 |     9 ||    23
       Potion            |       |     9 |    10 |     3 ||    22
 Stab: Sleeping          |     1 |     1 |     1 |     1 ||     4
  Eat: Chunk             |    18 |    15 |    21 |    47 ||   101
Armor: Robe              |    30 |    51 |   106 |    34 ||   221
       Troll leather arm |       |       |       |   149 ||   149
Dodge: Dodged            |    42 |    66 |   146 |   188 ||   442

Table legend:
 A = Non-vault XP
 B = Vault XP
 C = Vault XP percentage of total XP
 D = Non-vault monster count
 E = Vault monster count
 F = Vault count percentage of total count
                 A         B        C        D         E       F
            +---------+---------+-------+---------+---------+-------
      Total |   16591 |    6999 |  29.7 |     242 |      60 |  19.9
            +---------+---------+-------+---------+---------+-------
        D:1 |      34 |       0 |   0.0 |      17 |       0 |   0.0
        D:2 |      68 |       0 |   0.0 |      23 |       0 |   0.0
        D:3 |     150 |      71 |  32.1 |      26 |       2 |   7.1
        D:4 |     177 |       3 |   1.7 |      14 |       1 |   6.7
        D:5 |     540 |       0 |   0.0 |       8 |       0 |   0.0
        D:6 |     355 |    1642 |  82.2 |      13 |       6 |  31.6
        D:7 |     477 |     675 |  58.6 |      11 |       2 |  15.4
        D:8 |    1976 |     981 |  33.2 |      29 |       1 |   3.3
        D:9 |    2580 |       0 |   0.0 |      33 |       0 |   0.0
       D:10 |    1936 |     455 |  19.0 |      27 |       1 |   3.6
     Lair:1 |    3275 |    2386 |  42.1 |      15 |      11 |  42.3
     Lair:2 |    3711 |     433 |  10.4 |      21 |       2 |   8.7
     Lair:3 |    1312 |       0 |   0.0 |       5 |       0 |   0.0
     Bailey |       0 |     353 | 100.0 |       0 |      34 | 100.0
            +---------+---------+-------+---------+---------+-------
